 Dungeon Crawl Stone Soup version 0.31-a0-1082-g7d1fb776a8 (webtiles) character file.

Game seed: 7662135567183666918

4690 Flugslaktarn the Mimic (level 10, -20/106 HPs)
             Began as an Octopode Shapeshifter on Nov 28, 2023.
             Was a Follower of Ashenzari.
             Demolished by an ice devil (22 damage)
             ... summoned by a kobold demonologist
             ... on level 9 of the Dungeon.
             The game lasted 00:05:53 (7885 turns).

Flugslaktarn the Mimic (Octopode Shapeshifter)      Turns: 7885, Time: 00:05:54

Health: -20/106    AC:  1    Str: 13    XL:     10   Next: 44%
Magic:  10/10      EV: 17    Int: 14    God:    Ashenzari [*.....]
Gold:   483        SH:  0    Dex: 15    Spells: 9/9 levels left

rFire   . .          .
                       - Unarmed
rCold   . . .        (shield currently unavailable)
rNeg    . . .        (helmet restricted)
rPois   .            r - amulet of regeneration
rElec   .            e - ring of the Cursed Welkin {Wiz, Melee, Fort} (curse)
rCorr   +            m - ring of Ashenzari's Boredom {Will+, Alch, Cun} (curse)
SInv    .            k - ring "Cursed Prison" {rCorr, Dev, Range} (curse)
Will    +....        (no ring) Stlth
                     (no ring)
HPRegen 1.17/turn    (no ring)
MPRegen 0.12/turn    (no ring)
                     (no ring)

%: wizardry (x1)
@: berserking (expiring), flux-form, slowed, glowing
A: glow, contaminating, almost no armour, amphibious, 8 rings, camouflage 1,
gelatinous body 1, (nimble swimmer 1), tentacles
a: Begin Untransformation, Renounce Religion, Curse Item, Shatter the Chains


You were on level 9 of the Dungeon.
You worshipped Ashenzari.
Ashenzari was aware of your devotion.
You were something dangerously unstable.
You visited 1 branch of the dungeon, and saw 9 of its levels.

You collected 483 gold pieces.

Inventory:

Jewellery
 e - the cursed ring of the Cursed Welkin (left tentacle) {Wiz, Melee, Fort}
   (You found it on level 1 of the Dungeon)

   [ring of wizardry]

   Wiz:       It improves your spell success rate.
   It has a curse which improves the following skills: Melee Combat: Short
   Blades, Long Blades, Axes, Maces & Flails, Polearms, Staves and Unarmed
   Combat.
   Fortitude: Shields.
 k - the cursed ring "Cursed Prison" (on tentacle) {rCorr, Dev, Range}
   (You found it on level 5 of the Dungeon)

   [ring of resist corrosion]

   rCorr:     It protects you from acid and corrosion.
   It has a curse which improves the following skills: Devices: Evocations and
   Shapeshifting.
   Ranged Combat: Ranged Weapons and Throwing.
 l - a ring of ice
   (You found it on level 2 of the Dungeon)
 m - the cursed ring of Ashenzari's Boredom (right tentacle) {Will+, Alch, Cun}
   (You took it off a kobold on level 4 of the Dungeon)

   [ring of willpower]

   Will+:     It increases your willpower.
   It has a curse which improves the following skills: Alchemy: Poison Magic and
   Transmutations.
   Cunning:   Dodging and Stealth.
 r - an amulet of regeneration (around mantle)
   (You found it on level 6 of the Dungeon)
Talismans
 b - a beast talisman
 c - a flux talisman (active)
 f - a blade talisman
   (You found it on level 4 of the Dungeon)
Wands
 g - a wand of digging (5)
   (You found it on level 8 of the Dungeon)
 p - a wand of roots (6)
   (You found it on level 5 of the Dungeon)
 s - a wand of mindburst (9)
   (You found it on level 7 of the Dungeon)
 v - a wand of quicksilver (8)
   (You found it on level 7 of the Dungeon)
Scrolls
 d - 2 scrolls of enchant armour
 i - a scroll of silence
 q - 2 scrolls of fog
 t - 2 scrolls of teleportation
 u - 2 scrolls of summoning
Potions
 a - 3 potions of lignification
 h - 2 potions of haste
 j - a potion of invisibility
 n - 3 potions of enlightenment
 o - a potion of berserk rage
 w - a potion of mutation


   Skills:
 + Level 7.0 Fighting
 + Level 7.7(8.5) Dodging
 + Level 7.0(7.8) Unarmed Combat
 - Level 3.3(4.1) Evocations
 + Level 8.3(9.2) Shapeshifting


You had 9 spell levels left.
You didn't know any spells.
Your spell library was empty.

Dungeon Overview and Level Annotations

Branches:
Dungeon (9/15)             Temple (0/1) D:6
   Lair: D:8-11         Orc: D:9-12

Altars:
Ashenzari
Okawaru
Ru
Uskayaw

Shops:
D:8 [


Innate Abilities, Weirdness & Mutations

You are something dangerously unstable.
You glow with magical radiation, making you easy to see and hit.
Foes you strike become dangerously contaminated with magical radiation.
You are incapable of wielding weapons or throwing items.
You cannot wear most types of armour.
You are amphibious.
You can wear up to eight rings at the same time.
Your skin changes colour to match your surroundings (Stealth+).
Your rubbery body absorbs attacks. (AC +1, EV +1)
((You are camouflaged when in or above water. (Stealth+)))
You have tentacles for arms and can constrict up to eight enemies at once.


Message History

You hear a shout! x2
An orc warrior comes into view. It is wielding a +0 glaive.
The orc warrior shouts!
The orc shouts!
The kobold demonologist looks braver for a moment.
A kobold demonologist comes into view.
It is wielding a +0 dagger and wearing a +2 robe of positive energy.
Unknown command.
A red film seems to cover your vision as you go berserk!
You feel yourself moving faster!
You feel mighty!
The kobold brigand throws a curare-tipped dart.
The curare-tipped dart hits you.
You are poisoned.
You have difficulty breathing.
You feel yourself slow down.
You tentacle-slap the kobold.
You kill the kobold!
You feel sick.
You tentacle-slap the kobold brigand.
The kobold brigand begins to glow.
You grab the kobold brigand.
The kobold brigand is moderately wounded.
You constrict the kobold brigand.
You feel sick. The kobold brigand closely misses you.
The kobold demonologist gestures wildly while chanting.
The kobold demonologist mumbles some strange words.
You bludgeon the kobold brigand!
The kobold brigand glows dangerously bright.
The kobold brigand is heavily wounded.
You constrict the kobold brigand, but do no damage.
You feel sick. The kobold brigand misses you.
The kobold demonologist casts a spell.
The kobold demonologist mumbles some strange words.
You tentacle-slap the kobold brigand but do no damage.
The kobold brigand shudders as magic cascades through it.
The kobold brigand twists and deforms.
You squeeze the kobold brigand.
The kobold brigand is severely wounded.
You constrict the kobold brigand.
You feel sick. The kobold brigand misses you.
The kobold demonologist miscasts a cantrip.
The kobold demonologist begins to cast a cantrip, but forgets the words!
You bludgeon the kobold brigand!
The kobold brigand begins to glow.
The kobold brigand is almost dead.
You constrict the kobold brigand.
You kill the kobold brigand!
You feel sick.
The kobold demonologist begins to cast a cantrip, but forgets the words!
You tentacle-slap the kobold demonologist.
The kobold demonologist begins to glow.
You grab the kobold demonologist.
The kobold demonologist is lightly wounded.
You constrict the kobold demonologist.
You feel sick.
A shadow comes into view.
The kobold demonologist barely misses you.
The orc warrior closely misses you.
You bludgeon the kobold demonologist!
The kobold demonologist glows dangerously bright.
The kobold demonologist is heavily wounded.
You constrict the kobold demonologist.
You feel sick.
You tentacle-slap the kobold demonologist.
The kobold demonologist shudders as magic cascades through it!!
You kill the kobold demonologist!
The ice devil disappears in a puff of smoke!
You feel sick.
You are no longer poisoned.
The orc warrior completely misses you.
Your Fighting skill increases to level 7!
Your Unarmed Combat skill increases to level 7!
You tentacle-slap the kobold demonologist.
The kobold demonologist begins to glow.
Your grab misses the kobold demonologist.
The kobold demonologist is lightly wounded.
The kobold demonologist mumbles some strange words.
The orc warrior hits you from afar with a +0 glaive!!
You tentacle-slap the kobold demonologist.
The kobold demonologist glows dangerously bright.
You grab the kobold demonologist.
The kobold demonologist is lightly wounded.
You constrict the kobold demonologist.
The shadow slips into darkness.
The shadow flickers and vanishes!
Deactivating autopickup; reactivate with Ctrl-A.
The kobold demonologist hits you with a staff of poison.
The kobold demonologist envenoms you!
You are poisoned.
The orc warrior hits you from afar with a +0 glaive!
You bludgeon the kobold demonologist!
The kobold demonologist shudders as magic cascades through it.
The kobold demonologist twists and deforms.
The kobold demonologist is severely wounded.
You constrict the kobold demonologist.
You feel sick. The ice devil hits you! The ice devil freezes you!!
* * * LOW HITPOINT WARNING * * *
The kobold demonologist misses you.
The orc warrior hits you from afar with a +0 glaive!!
* * * LOW HITPOINT WARNING * * *
You are too injured to fight recklessly!
You barely miss the kobold demonologist.
You squeeze the kobold demonologist.
The kobold demonologist is severely wounded.
You constrict the kobold demonologist.
You feel sick.
You are no longer poisoned.
The ice devil hits you!
* * * LOW HITPOINT WARNING * * *
The ice devil freezes you!!
You die...

####### ## #.....# ...
#.....# .... #.....#
#### ....3{ #.....# #...
....4o###.....#######.##
....oKKp4.........<.....
.....o###.....##.##.#.#.
..... #...............
#### #.....##.###..##
###..###.# #....
#..#...####...
#..#.#.....?..
#$.#.#........
#..#.#........


You could see an orange demon (summoned), an ice devil (summoned), 2 kobold
demonologists, a smoke demon (summoned), an orc warrior and 2 orcs.

Vanquished Creatures
  A kobold demonologist (D:9)
  2 wyverns (D:9)
  7 yaks (D:9)
  A steam dragon (D:9)
  2 water moccasins
  2 orc warriors
  2 sky beasts
  A black bear (D:6)
  2 ice beasts (D:6)
  2 ogres (D:6)
  A centaur (D:7)
  3 kobold brigands
  A gnoll sergeant (D:5)
  A bullfrog (D:7)
  3 scorpions
  4 wights (D:7)
  5 killer bees (D:7)
  5 howler monkeys
  2 orc priests
  A hound (D:5)
  4 jellies
  A sleepcap (D:4)
  An iguana (D:7)
  5 orc wizards
  Natasha (D:4)
  3 gnolls (D:5)
  8 adders
  A shadow imp (D:6)
  2 white imps
  4 ufetubi (D:7)
  4 dart slugs
  24 orcs
  4 ball pythons
  6 bats
  10 endoplasms
  2 giant cockroaches
  9 goblins
  5 hobgoblins
  6 jackals (D:3)
  17 kobolds
  3 quokkas
  2 frilled lizards
  4 rats
174 creatures vanquished.

Vanquished Creatures (collateral kills)
  A steam dragon (D:5)
  A gnoll (D:5)
2 creatures vanquished.

Grand Total: 176 creatures vanquished

Notes
Turn   | Place    | Note
-------+----------+-------------------------------------------
     0 | D:1      | Flugslaktarn the Octopode Shapeshifter began the quest for
                  | the Orb.
     0 | D:1      | Reached XP level 1. HP: 13/13 MP: 1/1
    69 | D:1      | Reached XP level 2. HP: 18/18 MP: 2/2
   369 | D:1      | Reached XP level 3. HP: 23/23 MP: 3/3
   460 | D:1      | Reached skill level 4 in Shapeshifting
   983 | D:2      | Found a faded altar of an unknown god.
   995 | D:2      | Prayed at the altar of an unknown god.
   995 | D:2      | Became a worshipper of Ashenzari the Shackled
  1275 | D:3      | Reached XP level 4. HP: 28/28 MP: 4/4
  1713 | D:3      | Reached skill level 5 in Shapeshifting
  2095 | D:4      | Found an iron altar of Okawaru.
  2139 | D:4      | Reached * piety under Ashenzari
  2278 | D:4      | Reached XP level 5. HP: 30/33 MP: 3/5
  2278 | D:4      | Identified the +3 leather armour "Pygut" {Will- Str+4
                  | Dex+3}
  2507 | D:4      | Noticed Natasha
  2511 | D:4      | Killed Natasha
  2845 | D:4      | Reached XP level 6. HP: 24/41 MP: 4/6
  3194 | D:5      | Entered Level 5 of the Dungeon
  3451 | D:5      | Noticed a steam dragon
  3482 | D:5      | Killed a steam dragon
  3483 | D:5      | Reached XP level 7. HP: 46/46 MP: 7/7
  4163 | D:5      | Reached skill level 6 in Shapeshifting
  4163 | D:5      | Reached XP level 8. HP: 49/55 MP: 6/8
  4671 | D:6      | Reached skill level 5 in Dodging
  4811 | D:6      | Found a hide-covered altar of Uskayaw.
  4820 | D:6      | Found a sacrificial altar of Ru.
  4846 | D:6      | Found a staircase to the Ecumenical Temple.
  4852 | D:6      | Reached ** piety under Ashenzari
  5590 | D:7      | Reached skill level 5 in Fighting
  5590 | D:7      | Reached skill level 5 in Unarmed Combat
  5590 | D:7      | Reached skill level 7 in Shapeshifting
  5592 | D:7      | Reached XP level 9. HP: 4/62 MP: 2/9
  5984 | D:7      | Reached skill level 1 in Evocations
  6634 | D:7      | Identified the +1 plate armour of the Barracuda {Str+3}
  6798 | D:8      | Identified the +2 leather armour of Isaff {Rampage Regen+
                  | Dex+5 Stlth-}
  7186 | D:8      | Found Ciqein's Armour Boutique.
  7516 | D:9      | Reached XP level 10. HP: 54/68 MP: 10/10
  7525 | D:9      | Noticed a kobold demonologist
  7702 | D:9      | Reached skill level 8 in Shapeshifting
  7869 | D:9      | Noticed a kobold demonologist
  7871 | D:9      | Noticed a kobold demonologist
  7876 | D:9      | Noticed a smoke demon
  7876 | D:9      | Noticed an orange demon
  7881 | D:9      | Killed a kobold demonologist
  7885 | D:9      | HP: 2/106 [ice devil[a kobold demonologist] (11)]
  7885 | D:9      | Demolished by an ice devil

Illustrated notes

Levels and vault maps discovered:
D:1:      dpeg_arrival_rooms_with_view, layout_basic
D:2:      layout_rooms, shapermc_ecumenical_altar_totnotflames
D:3:      layout_rooms
D:4:      layout_basic, okawaru_ov_weapons_minmay,
          chequers_serial_rivers_micro_d, uniq_natasha
D:5:      layout_basic
D:6:      cheibrodos_iron_armory, layout_basic, minitemple,
          minmay_temple_entry_statues_fountains
D:7:      layout_basic
D:8:      layout_rooms, serial_shops, shop
D:9:      layout_basic, mainiacjoe_overflow_small_starburst, david_orc_4

Skill      XL: |  1  2  3  4  5  6  7  8  9 10 |
---------------+-------------------------------+-----
Shapeshifting  | 4 5 6 7 8 |  8.3
Fighting       | 2 4 5 6 7 |  7.0
Dodging        | 3 4 6 7 |  7.7
Unarmed Combat | 4 5 6 7 |  7.0
Evocations     | 3 |  3.3

Action                     |  1- 3 |  4- 6 |  7- 9 | 10-12 || total
---------------------------+-------+-------+-------+-------++-------
  Melee: Unarmed           |    64 |    98 |   248 |    56 ||   466
         Constrict         |    12 |    32 |    59 |     5 ||   108
         Tentacles         |     5 |    21 |    79 |    15 ||   120
         Punch             |       |     6 |     3 |       ||     9
 Invoke: Curse Item        |     1 |     1 |     2 |       ||     4
         Shatter the Chain |       |       |     1 |       ||     1
  Evoke: Wand              |       |       |     8 |       ||     8
    Use: Scroll            |       |     7 |     2 |       ||     9
         Potion            |       |       |     2 |     1 ||     3
   Stab: Sleeping          |     5 |     9 |     3 |       ||    17
 Armour: Skin              |    20 |    38 |   128 |    19 ||   205
  Dodge: Dodged            |    27 |    40 |   193 |    22 ||   282
   Form: Flux              |       |       |     1 |       ||     1

Table legend: (Time is in decaauts)
 A = Elapsed time spent in this place.
 B = Non-inter-level travel time spent in this place.
 C = Inter-level travel time spent in this place.
 D = Time resting spent in this place.
 E = Time spent auto-exploring this place.
 F = Levels seen in this place.
 G = Mean time per level.
                   A        B        C        D        E       F      G
               +--------+--------+--------+--------+--------+-----+--------+
         Total |   7837 |   7682 |    155 |   1384 |   5001 |   9 |  870.8 |
       Dungeon |   7837 |   7682 |    155 |   1384 |   5001 |   9 |  870.8 |
               +--------+--------+--------+--------+--------+-----+--------+

Top non-repeatable levels by time:
     D:7: 1478 daAuts
     D:5: 1339 daAuts
     D:4: 1142 daAuts
     D:6: 837 daAuts
     D:3: 785 daAuts
     D:2: 655 daAuts
     D:1: 599 daAuts
     D:9: 500 daAuts
     D:8: 500 daAuts
